 Dungeon Crawl Stone Soup version 0.19.4-10-g532645f (console) character file.

13821 Grinner the Grappler (level 11, -3/94 HPs)
             Began as a Troll Monk on Feb 23, 2017.
             Splashed by an acid blob's acid (5 damage)
             ... on level 2 of the Pits of Slime.
             The game lasted 00:28:10 (9618 turns).

Grinner the Grappler (Troll Monk)                   Turns: 9618, Time: 00:28:11

Health: -3/94      AC:  6    Str: 21    XL:     11   Next: 80%
Magic:  10/10      EV: 16    Int:  4    God:
Gold:   779        SH:  0    Dex: 15    Spells: 1 memorised, 6 levels left

rFire  + . .     SeeInvis .       - Unarmed
rCold  + . .     Gourm    +     y - +2 robe {rC+}
rNeg   . . .     Faith    .     (no shield)
rPois  .         Spirit   .     (helmet restricted)
rElec  .         Reflect  .     n - +0 cloak
rCorr  +         Harm     .     (gloves unavailable)
MR     .....                    (boots unavailable)
Stlth  ++........               z - amulet of regeneration
                                x - ring of resist corrosion
                                J - +2 ring of protection

@: exhausted, corroded, slowed, very slow
A: unfitting armour, claws 3, talons 1, dopey 1, fire resistance 1, fast
metabolism 3, gourmand, low mp 1, regeneration 1, shaggy fur 1, tough skin 2,
evolution 1, MP-powered wands
a: no special abilities


You were on level 2 of the Pits of Slime.
You were full.

You visited 3 branches of the dungeon, and saw 17 of its levels.
You also visited: Ice Cave.

You collected 779 gold pieces.

Inventory:

Hand Weapons
 W - a +1 falchion of flaming
Armour
 n - a +0 cloak (worn)
 y - a +2 robe of cold resistance (worn)
 T - a +2 robe of positive energy
Magical Staves
 V - an uncursed staff of fire
Jewellery
 m - an uncursed ring of protection from magic
 p - an uncursed ring of ice
 s - an uncursed ring of ice
 x - a ring of resist corrosion (right claw)
 z - an amulet of regeneration (around neck)
 B - an uncursed amulet of rage
 J - a +2 ring of protection (left claw)
 K - an uncursed ring of flight
 U - an uncursed ring of poison resistance
Wands
 v - a wand of iceblast (7/15)
 F - a wand of paralysis (17/24)
 G - a wand of flame (11/48)
 R - a wand of confusion (26/48)
 S - a wand of disintegration (11/24)
 Y - a wand of paralysis (16/24)
Scrolls
 d - a scroll of identify
 h - 3 scrolls of recharging
 i - 3 scrolls of enchant weapon
 k - a scroll of teleportation
 o - 9 scrolls of remove curse
 A - a scroll of immolation
 E - 2 scrolls of noise
 H - 3 scrolls of amnesia
 I - 2 scrolls of blinking
 M - a scroll of enchant armour
Potions
 e - 3 potions of flight
 f - 4 potions of heal wounds
 g - a potion of degeneration
 j - 3 potions of agility
 l - a potion of berserk rage
 q - a potion of resistance
 r - 4 potions of curing
 t - 2 potions of magic
 u - 2 potions of haste
 w - 2 potions of cancellation
 L - 2 potions of brilliance {unknown}
 O - a potion of cure mutation
 Q - a potion of might {unknown}
 Z - 2 potions of invisibility {unknown}
Books
 D - a book of Ice

   Spells                             Type                      Level
   a - Ice Form                       Ice/Transmutation            4
   b - Metabolic Englaciation         Hexes/Ice                    5
   c - Ozocubu's Refrigeration        Ice                          6
   d - Bolt of Cold                   Conjuration/Ice              6
   e - Freezing Cloud                 Conjuration/Ice/Air          6
   f - Simulacrum                     Ice/Necromancy               6
 N - a book of Flames

   Spells                             Type                      Level
   a - Flame Tongue                   Conjuration/Fire             1
   b - Throw Flame                    Conjuration/Fire             2
   c - Conjure Flame                  Conjuration/Fire             3
   d - Inner Flame                    Hexes/Fire                   3
   e - Sticky Flame                   Conjuration/Fire             4
   f - Fireball                       Conjuration/Fire             5
 X - a book of Frost

   Spells                             Type                      Level
   a - Freeze                         Ice                          1
   b - Throw Frost                    Conjuration/Ice              2
   c - Ozocubu's Armour               Charms/Ice                   3
   d - Throw Icicle                   Conjuration/Ice              4
   e - Summon Ice Beast               Ice/Summoning                4
Comestibles
 a - 7 beef jerkies
 b - 9 bread rations
 c - 4 meat rations
 C - 6 fruits
 P - a slice of pizza


   Skills:
 - Level 2.4 Fighting
 + Level 2.1 Long Blades
 + Level 9.3 Dodging
 - Level 1.0 Stealth
 * Level 14.8 Unarmed Combat
 + Level 2.0 Transmutations
 + Level 1.9 Evocations


You had 6 spell levels left.
You knew the following spells:

 Your Spells              Type           Power        Failure   Level  Hunger
s - Ice Form              Ice/Tmut       #.......     100%        4    #####..


Dungeon Overview and Level Annotations

Branches:
Dungeon (9/15)             Temple (0/1) D:6            Lair (6/6) D:9
 Shoals (0/4) Lair:2       Spider (0/4) Lair:4        Slime (2/5) Lair:5
    Orc: D:9-12

Altars:
Makhleb
Nemelex Xobeh
Okawaru
Ru
Trog
Uskayaw
Vehumet
The Shining One


Innate Abilities, Weirdness & Mutations

You are too large for most types of armour.
You have claws for hands.
Your metabolism is lightning-fast.
You like to eat raw meat.
Your natural rate of healing is unusually fast.
You are covered in fur. (AC +1)
You have very tough skin. (AC +2)
You have sharp toenails.
You are dopey. (Int -2)
Your flesh is heat resistant. (rF+)
Your magical capacity is low. (-10% MP)
You evolve.
You expend magic power (3 MP) to strengthen your wands.


Message History

The acid burns!
You resist.
You slide downwards.
The hatch slams shut behind you. 2 acid blobs and 3 slime creatures come into view.
The slime creature quivers. x3; The acid blob quivers.
The azure jelly quivers.
The azure jelly closely misses you. The azure jelly hits you!
* * * LOW HITPOINT WARNING * * *
The azure jelly freezes you! You resist.
* * * LOW HITPOINT WARNING * * *
The azure jelly hits you but does no damage.
The azure jelly completely misses you. The acid blob closely misses you.
Two slime creatures merge to form a large slime creature.
The azure jelly barely misses you.
The azure jelly hits you but does no damage.
The azure jelly hits you!
* * * LOW HITPOINT WARNING * * *
The azure jelly closely misses you. The acid blob spits acid at you.
The splash of acid hits you! The acid corrodes you!
You are splashed with acid!
The acid burns!
You resist.
You die...

.....#.......
#.J###.......J..#.
.................
##.................
#................J.
#..#.<......<..>...
.........<.J.....
##JJJ.........##.
#.J@...#.........
#...J.##....##.#..
##....###...# ...
#..... ....# ..
#.....J..... .
.......J....
......#..#
......##...


You could see 3 acid blobs, an azure jelly, a large slime creature and 3 slime
creatures.

Vanquished Creatures
  An acid blob (Slime:1)
  2 ugly things (IceCv)
  3 spiny frogs
  3 ice statues (IceCv)
  A komodo dragon (Lair:5)
  3 rime drakes
  2 jumping spiders (Lair:4)
  A hippogriff (Lair:2)
  Sigmund (D:5)
  3 wyverns
  A redback (Lair:4)
  A hog (shapeshifter) (D:9)
  3 yaks (Lair:2)
  A steam dragon (D:8)
  A soldier ant (D:9)
  3 water moccasins
  2 hell hounds (Lair:2)
  8 porcupines
  8 ice beasts
  2 sky beasts
  An orc warrior (D:9)
  6 ogres
  2 phantoms
  4 centaurs
  7 wolves
  2 crocodiles (Lair:2)
  4 bullfrogs
  A scorpion (D:4)
  3 killer bees (D:8)
  8 wights
  2 howler monkeys (D:8)
  A crimson imp (D:7)
  A hound (D:8)
  13 jellies
  A centaur zombie (D:7)
  5 orc priests
  Crazy Yiuf (D:4)
  8 orc wizards
  A bullfrog skeleton (D:4)
  A centaur skeleton (D:9)
  4 iguanas
  Natasha (thrice) (D:3)
  8 worker ants
  A worker ant zombie (D:5)
  A howler monkey skeleton (D:4)
  10 adders
  2 shadow imps
  An ooze (Lair:5)
  A worm (D:3)
  2 dart slugs
  4 leopard geckos
  25 orcs
  A bat (D:3)
  5 giant cockroaches
  4 hobgoblins
  2 jackals (D:4)
  3 kobolds
  5 quokkas
  3 ball pythons
  A frilled lizard (D:3)
  4 goblins (D:3)
  A leopard gecko zombie (D:5)
  A quokka zombie (D:7)
  3 rats
  2 plants (D:4)
219 creatures vanquished.

Vanquished Creatures (collateral kills)
  A plant (Lair:2)
1 creature vanquished.

Vanquished Creatures (others)
  A fungus (Lair:5)
  A plant (D:4)
2 creatures vanquished.

Grand Total: 222 creatures vanquished

Notes
Turn   | Place    | Note
-------+----------+-------------------------------------------
     0 | D:1      | Grinner the Troll Monk began the quest for the Orb.
     0 | D:1      | Reached XP level 1. HP: 22/22 MP: 0/0
   425 | D:2      | Reached XP level 2. HP: 29/29 MP: 1/1
   823 | D:3      | Found a hide-covered altar of Uskayaw.
   857 | D:3      | Noticed Natasha
   866 | D:3      | Killed Natasha
   866 | D:3      | Reached skill level 4 in Unarmed Combat
   866 | D:3      | Reached XP level 3. HP: 20/36 MP: 2/2
  1070 | D:3      | Noticed Natasha
  1082 | D:3      | Killed Natasha
  1082 | D:3      | Reached XP level 4. HP: 23/44 MP: 3/3
  1122 | D:3      | Noticed Natasha
  1135 | D:3      | Killed Natasha
  1152 | D:3      | Found a glowing golden altar of the Shining One.
  1558 | D:4      | Reached skill level 5 in Unarmed Combat
  1558 | D:4      | Reached XP level 5. HP: 40/50 MP: 4/4
  1809 | D:4      | Got a smoking spear
  1810 | D:4      | Identified the +1 spear "Nocoromo" {protect, rN+ Str+3 Dex-3} (You found it on level 4 of the Dungeon)
  1859 | D:4      | Noticed an ogre
  1867 | D:4      | Killed an ogre
  1867 | D:4      | Reached skill level 6 in Unarmed Combat
  1867 | D:4      | Reached XP level 6. HP: 26/59 MP: 5/5
  2261 | D:4      | Reached XP level 7. HP: 66/66 MP: 6/6
  2273 | D:4      | Found a runed door.
  2379 | D:4      | Reached skill level 7 in Unarmed Combat
  2453 | D:4      | Noticed Crazy Yiuf
  2457 | D:4      | Killed Crazy Yiuf
  2690 | D:5      | Entered Level 5 of the Dungeon
  2725 | D:5      | Noticed Sigmund
  2736 | D:5      | Killed Sigmund
  2736 | D:5      | Reached skill level 5 in Dodging
  2842 | D:5      | Reached skill level 8 in Unarmed Combat
  2842 | D:5      | Reached XP level 8. HP: 17/74 MP: 7/7
  3039 | D:5      | Found an iron altar of Okawaru.
  3076 | D:5      | Gained mutation: You are dopey. (Int -2) [mutagenic meat]
  3077 | D:5      | Gained mutation: Potions and wands are less effective at restoring your health. [mutagenic meat]
  3078 | D:5      | Lost mutation: Potions and wands are less effective at restoring your health. [mutagenic meat]
  3740 | D:6      | Found a staircase to the Ecumenical Temple.
  3762 | D:6      | Reached skill level 9 in Unarmed Combat
  3766 | D:6      | Gained mutation: You have sharp toenails. [mutagenic meat]
  3767 | D:6      | Lost intelligence.
  3767 | D:6      | Gained mutation: You are very dopey. (Int -4) [mutagenic meat]
  3772 | D:6      | Gained mutation: You expend magic power (3 MP) to strengthen your wands. [mutagenic meat]
  3856 | D:6      | Got a warped quarterstaff
  3857 | D:6      | Identified the +2 quarterstaff of Wisdom {crush, MR+} (You found it on level 6 of the Dungeon)
  3944 | D:6      | Found a bloodstained altar of Trog.
  4457 | D:7      | Found a radiant altar of Vehumet.
  4642 | D:7      | Found a sparkling altar of Nemelex Xobeh.
  4642 | D:7      | Found a burning altar of Makhleb.
  5161 | D:8      | Reached skill level 10 in Unarmed Combat
  5161 | D:8      | Reached XP level 9. HP: 63/80 MP: 8/8
  5876 | D:9      | Found a staircase to the Lair.
  5886 | D:9      | Reached skill level 11 in Unarmed Combat
  6247 | D:9      | Gained mutation: Your magical capacity is low. (-10% MP) [mutagenic meat]
  6651 | D:9      | Reached XP level 10. HP: 81/88 MP: 8/8
  6676 | Lair:1   | Entered Level 1 of the Lair of Beasts
  6682 | Lair:1   | Reached skill level 12 in Unarmed Combat
  6708 | Lair:2   | Noticed a spiny frog
  6716 | Lair:2   | Killed a spiny frog
  7120 | Lair:2   | Found a staircase to the Shoals.
  7205 | Lair:2   | Reached skill level 13 in Unarmed Combat
  7920 | Lair:3   | Noticed a spiny frog
  7935 | Lair:3   | Killed a spiny frog
  8408 | Lair:4   | Found a frozen archway.
  8433 | IceCv    | Entered an ice cave
  8448 | IceCv    | Reached XP level 11. HP: 77/94 MP: 8/8
  8521 | IceCv    | Noticed a white ugly thing
  8537 | IceCv    | Killed a white ugly thing
  8572 | IceCv    | Gained mutation: You evolve. [mutagenic meat]
  8650 | IceCv    | Reached skill level 14 in Unarmed Combat
  8695 | IceCv    | Noticed a white ugly thing
  8708 | IceCv    | Killed a white ugly thing
  8712 | IceCv    | Lost mutation: You are very dopey. (Int -4) [mutagenic meat]
  8713 | IceCv    | Gained mutation: Your flesh is heat resistant. (rF+) [mutagenic meat]
  8937 | Lair:4   | Learned a level 4 spell: Ice Form
  9001 | Lair:4   | Found a hole to the Spider Nest.
  9002 | Lair:4   | Noticed a wolf spider
  9223 | Lair:5   | Reached skill level 1 in Long Blades
  9239 | Lair:6   | Entered Level 6 of the Lair of Beasts
  9312 | Lair:6   | Found a sacrificial altar of Ru.
  9333 | Lair:5   | Reached skill level 1 in Evocations
  9338 | Lair:5   | Reached skill level 1 in Transmutations
  9463 | Lair:5   | Found a staircase to the Slime Pits.
  9593 | Slime:1  | Entered Level 1 of the Pits of Slime
  9598 | Slime:1  | Noticed an acid blob
  9601 | Slime:2  | Noticed an acid blob
  9601 | Slime:2  | Noticed an acid blob
  9601 | Slime:2  | Noticed an azure jelly
  9611 | Slime:1  | Killed an acid blob
  9612 | Slime:1  | Noticed an acid blob
  9618 | Slime:2  | Noticed an acid blob
  9618 | Slime:2  | Noticed an acid blob
  9618 | Slime:2  | HP: 2/94 [azure jelly (8)]
  9618 | Slime:2  | Splashed by an acid blob's acid

Skill      XL: |  1  2  3  4  5  6  7  8  9 10 11 |
---------------+----------------------------------+-----
Dodging        | 3 4 5 6 7 8 9 |  9.3
Unarmed Combat | 4 5 6 8 10 11 13 14 | 14.8
Long Blades    | 2 |  2.1
Evocations     | 1 |  1.9
Transmutations | 2 |  2.0
Fighting       | |  2.4
Stealth        | |  1.0

Action                   |  1- 3 |  4- 6 |  7- 9 | 10-12 || total
-------------------------+-------+-------+-------+-------++-------
Melee: Unarmed           |    52 |   107 |   372 |   291 ||   822
       Punch             |       |       |    13 |    20 ||    33
       Kick              |       |       |    62 |    91 ||   153
  Use: Scroll            |       |     9 |     8 |     7 ||    24
       Potion            |       |       |     6 |     2 ||     8
 Stab: Sleeping          |     1 |       |     2 |     1 ||     4
  Eat: Chunk             |    12 |    14 |    50 |    18 ||    94
       Bread ration      |       |       |       |     2 ||     2
Armor: Robe              |     8 |    15 |    70 |    54 ||   147
Dodge: Dodged            |    21 |    58 |   190 |   156 ||   425
